 Dungeon Crawl Stone Soup version 0.25.1-2-g60ff931df9 (webtiles) character file.

Game seed: 13702222380210452471

6411 DearestLeader the Destroyer (level 10, 0/69 HPs)
             Began as a Pale Draconian Conjurer on Sept 29, 2020.
             Was an Initiate of Vehumet.
             Slain by a three-headed hydra (5 damage)
             ... on level 10 of the Dungeon.
             The game lasted 00:30:58 (11595 turns).

DearestLeader the Destroyer (DrCj)                 Turns: 11595, Time: 00:31:00

Health: 0/69       AC:  8    Str: 11    XL:     10   Next: 66%
Magic:  11/20      EV: 12    Int: 19    God:    Vehumet [......]
Gold:   433        SH:  0    Dex: 11    Spells: 12/22 levels left

rFire    . . .     SeeInvis .   D - +2 whip (drain)
rCold    . . .     Gourm    .   (no shield)
rNeg     . . .     Faith    .   (armour unavailable)
rPois    .         Spirit   .   (helmet restricted)
rElec    .         Reflect  .   g - +0 cloak
rCorr    .         Harm     .   (no gloves)
MR       .....                  (no boots)
Stlth    ++........             (no amulet)
HPRegen  0.21/turn              (no ring)
MPRegen  0.17/turn              (no ring)

@: no status effects
A: breathe steam, unfitting armour, cold-blooded, AC +7
a: Breathe Steam, Renounce Religion


You were on level 10 of the Dungeon.
You worshipped Vehumet.
Vehumet was noncommittal.
You were hungry.

You visited 2 branches of the dungeon, and saw 11 of its levels.

You collected 641 gold pieces.
You spent 208 gold pieces at shops.

Inventory:

Hand Weapons
 c - a +5 scimitar of freezing
 n - a +1 dagger of electrocution
 A - a +4 flail of holy wrath
 B - a +0 demon blade
 D - a +2 whip of draining (weapon)
 K - the cursed +0 spear of Massacring {flame, rElec Dex+3, unknown}
   (You found it on level 9 of the Dungeon)

   It has been specially enchanted to burn those struck by it, causing extra
   injury to most foes and up to half again as much damage against particularly
   susceptible opponents.
   It affects your dexterity (+3).
   It insulates you from electricity.
   It has a curse placed upon it.
Armour
 g - a +0 cloak (worn)
 q - a +0 buckler
Jewellery
 t - an uncursed ring of flight
Wands
 y - a wand of flame (11)
 E - a wand of digging (7)
 G - a wand of polymorph (3)
 H - a wand of disintegration (8)
 I - a wand of iceblast (6)
 L - a wand of clouds (3)
Scrolls
 a - 5 scrolls of remove curse
 e - a scroll of fear {unknown}
 f - 2 scrolls of enchant weapon
 h - 2 scrolls of magic mapping {unknown}
 k - a scroll of fog {unknown}
 o - a scroll of amnesia {unknown}
 p - 2 scrolls of teleportation
 r - 2 scrolls of immolation {unknown}
 v - 2 scrolls of noise {unknown}
 x - 2 scrolls of random uselessness {unknown}
Potions
 d - 5 potions of haste
 i - a potion of cancellation {unknown}
 j - 2 potions of degeneration
 l - 3 potions of ambrosia
 m - 3 potions of berserk rage
 s - 4 potions of curing
 u - a potion of lignification {unknown}
 w - a potion of stabbing
 z - 2 potions of flight
 C - a potion of might {unknown}
 F - 2 potions of mutation {unknown}
 J - 2 potions of heal wounds
Comestibles
 b - 20 rations


   Skills:
 + Level 1.9 Dodging
 - Level 1.7 Stealth
 * Level 0.7 Shields
 + Level 6.8 Spellcasting
 * Level 12.2 Conjurations
 - Level 3.2 Hexes
 + Level 6.0 Air Magic
 - Level 5.0 Poison Magic


You had 12 spell levels left.
You knew the following spells:

 Your Spells              Type           Power        Failure   Level  Hunger
a - Magic Dart            Conj           ####         1%          1    None
b - Searing Ray           Conj           ######       1%          2    None
c - Fulminant Prism       Conj/Hex       #####.....   4%          4    ####...
d - Mephitic Cloud        Conj/Pois/Air  #####...     1%          3    ##.....

Your spell library contained the following spells:

 Spells                   Type           Power        Failure   Level  Hunger
 Dazzling Flash           Conj/Hex       #####.       1%          3    ##.....
 Corona                   Hex            ###....      2%          1    None
 Conjure Flame            Conj/Fire      ####....     2%          3    ##.....
 Slow                     Hex            ###.....     4%          2    None
 Confusing Touch          Hex            ###.....     9%          3    ##.....
 Iskenderun's Mystic Bla  Conj/Tloc      ####....     9%          4    ####...
 Animate Skeleton         Necr           N/A          11%         1    None
 Apportation              Tloc           #.....       11%         1    None
 Summon Small Mammal      Summ           #...         11%         1    None
 Blink                    Tloc           N/A          16%         2    None
 Call Imp                 Summ           #.......     16%         2    None
 Gell's Gravitas          Tloc           #.........   30%         3    ##.....
 Petrify                  Tmut/Erth      #.......     71%         4    ####...
 Metabolic Englaciation   Hex/Ice        ##........   83%         5    #####..
 Yara's Violent Unravell  Hex/Tmut       ##........   83%         5    #####..


Dungeon Overview and Level Annotations

Branches:
Dungeon (10/15)            Temple (1/1) D:6
   Lair: D:8-11         Orc: D:9-12

Altars:
Ashenzari
Cheibriados
Dithmenos
Elyvilon
Fedhas
Gozag
Hepliaklqana
Kikubaaqudgha
Makhleb
Nemelex Xobeh
Okawaru
Qazlal
Ru
Sif Muna
Trog
Uskayaw
Vehumet
Wu Jian
Xom
Yredelemnul
Zin
The Shining One

Shops:
D:9 !


Innate Abilities, Weirdness & Mutations

You can breathe blasts of scalding, opaque steam.
Your pale cyan-grey scales are hard. (AC +7)
You cannot fit into any form of body armour.
You are cold-blooded and may be slowed by cold attacks.


Message History

The three-headed hydra bites you!
* * * LOW HITPOINT WARNING * * *
The searing ray hits the three-headed hydra!
The three-headed hydra is almost dead.
The three-headed hydra bites you but does no damage.
The three-headed hydra barely misses you.
The three-headed hydra closely misses you.
Casting: Searing Ray (safe; 1% risk of failure)
Confirm with . or Enter, or press ? or * to list all spells.
Aiming: Searing Ray (safe; 1% risk of failure)
Press: ? - help, Shift-Dir - straight line, f/p - three-headed hydra
Aim: a three-headed hydra (severely wounded)
The searing ray hits the three-headed hydra.
The three-headed hydra is almost dead. (Press . to maintain the ray.)
The three-headed hydra bites you!
* * * LOW HITPOINT WARNING * * *
The three-headed hydra barely misses you.
The three-headed hydra bites you.
You die...

#..# #..# ..# #(.# ..# #..#
..#
#..###################..#
#.......................####
#...........................
#...........................
#...............@D.....?....
#.....<...............(.....
#...........................
#...........................
#...........................
############################


You could see a three-headed hydra.

Vanquished Creatures
  Harold (D:7)
  2 hornets
  Prince Ribbit (D:5)
  A hippogriff (D:9)
  2 dream sheep (D:9)
  2 yaks (D:9)
  Edmund (D:5)
  3 orc warriors
  4 ice beasts
  7 sky beasts
  An eye of draining (D:10)
  2 necrophages (D:10)
  A centaur (D:8)
  4 big kobolds
  5 bullfrogs
  A wyvern skeleton (D:6)
  A water moccasin zombie (D:9)
  A scorpion (D:7)
  6 wights
  5 howler monkeys
  A crimson imp (D:5)
  A centaur zombie (D:6)
  A bullfrog skeleton (D:10)
  A bullfrog zombie (D:6)
  3 hounds
  4 jellies
  A centaur skeleton (D:5)
  A gnoll shaman (D:5)
  4 orc priests
  7 orc wizards
  3 iguanas
  8 worker ants
  A hound skeleton (D:10)
  A worker ant zombie (D:8)
  9 gnolls (D:5)
  12 adders
  7 shadow imps
  2 adder zombies (D:6)
  An ooze (D:1)
  An adder skeleton (D:9)
  4 dart slugs
  10 leopard geckos
  31 orcs
  7 bats
  14 giant cockroaches
  7 goblins
  4 hobgoblins
  4 jackals (D:2)
  4 quokkas
  5 ball pythons
  3 frilled lizards
  12 kobolds
  2 quokka skeletons
  3 quokka zombies
  8 rats
238 creatures vanquished.

Vanquished Creatures (others)
  7 fulminant prisms
7 creatures vanquished.

Grand Total: 245 creatures vanquished

Notes
Turn   | Place    | Note
-------+----------+-------------------------------------------
     0 | D:1      | DearestLeader the Draconian Conjurer began the quest for
                  | the Orb.
     0 | D:1      | Reached XP level 1. HP: 14/14 MP: 3/3
   213 | D:1      | Reached XP level 2. HP: 16/20 MP: 5/5
   286 | D:1      | Learned a level 2 spell: Searing Ray
   924 | D:2      | Reached skill level 5 in Conjurations
   924 | D:2      | Reached XP level 3. HP: 13/26 MP: 0/6
  1323 | D:2      | Found a bloodstained altar of Trog.
  2032 | D:3      | Reached XP level 4. HP: 33/33 MP: 7/7
  2075 | D:3      | Learned a level 4 spell: Fulminant Prism
  2089 | D:3      | Found a stormy altar of Qazlal.
  2243 | D:3      | Reached skill level 6 in Conjurations
  2631 | D:3      | Reached XP level 5. HP: 36/38 MP: 0/8
  2803 | D:3      | Found a sacrificial altar of Ru.
  2809 | D:3      | Found a shattered altar of Ashenzari.
  2814 | D:3      | Found a burning altar of Makhleb.
  2923 | D:4      | Found a glowing golden altar of the Shining One.
  3524 | D:5      | Entered Level 5 of the Dungeon
  3618 | D:5      | Reached skill level 7 in Conjurations
  3687 | D:5      | Reached skill level 1 in Hexes
  3687 | D:5      | Reached XP level 6. HP: 45/45 MP: 3/9
  4278 | D:5      | Reached skill level 8 in Conjurations
  4278 | D:5      | Your scales start taking on a pale cyan-grey colour.
  4278 | D:5      | Reached XP level 7. HP: 35/50 MP: 7/11
  4295 | D:5      | Learned a level 3 spell: Mephitic Cloud
  4472 | D:5      | Reached skill level 1 in Air Magic
  4555 | D:5      | Noticed Edmund
  4570 | D:5      | Killed Edmund
  4736 | D:5      | Noticed Prince Ribbit
  4749 | D:5      | Killed Prince Ribbit
  5069 | D:6      | Reached XP level 8. HP: 51/57 MP: 8/13
  5089 | D:6      | Reached skill level 9 in Conjurations
  5362 | D:6      | Reached skill level 5 in Air Magic
  5759 | D:6      | Found a staircase to the Ecumenical Temple.
  5885 | Temple   | Entered the Ecumenical Temple
  6511 | D:7      | Reached XP level 9. HP: 62/62 MP: 6/16
  6831 | D:7      | Reached skill level 10 in Conjurations
  7095 | D:7      | Reached skill level 1 in Poison Magic
  7692 | D:7      | Reached skill level 5 in Spellcasting
  7863 | D:7      | Noticed Harold
  7879 | D:7      | Killed Harold
  8453 | D:8      | Reached skill level 11 in Conjurations
  8902 | D:8      | Reached XP level 10. HP: 44/69 MP: 3/18
  9454 | D:9      | Found a sparkling altar of Nemelex Xobeh.
  9703 | D:9      | Noticed a three-headed hydra
  9710 | D:10     | Entered Level 10 of the Dungeon
 10287 | D:9      | Got a polished spear
 10477 | D:9      | Reached skill level 12 in Conjurations
 10593 | D:9      | Found a radiant altar of Vehumet.
 10595 | D:9      | Found a hazy altar of Hepliaklqana.
 10610 | D:9      | Became a worshipper of Vehumet
 10627 | D:9      | Found Anuran's Distillery.
 10809 | D:9      | Bought a potion of curing for 39 gold pieces
 10809 | D:9      | Bought a potion of heal wounds for 65 gold pieces
 10809 | D:9      | Bought a potion of heal wounds for 65 gold pieces
 10809 | D:9      | Bought a potion of curing for 39 gold pieces
 11006 | D:9      | Reached skill level 5 in Poison Magic
 11165 | D:9      | Found an opulent altar of Gozag.
 11196 | D:9      | Found a white marble altar of Elyvilon.
 11595 | D:10     | Slain by a three-headed hydra

Illustrated notes

Levels and vault maps discovered:
D:1:      dpeg_arrival_pits, layout_loops_ring
D:2:      layout_basic, first_ration, trog_butcher_becter
D:3:      layout_rooms, minmay_overflow_temple_star_quad,
          nicolae_qazlal_general_emergency
D:4:      layout_basic, tso_metal_star, kennysheep_generic_room_14
D:5:      layout_basic, uniq_edmund, uniq_prince_ribbit1
D:6:      layout_layer_cave, minmay_temple_entry_statues_pillars,
          gup_sewer_entry_pipe
D:7:      layout_basic, uniq_harold
D:8:      layout_basic
D:9:      layout_basic, lemuel_coloured_pillars_altar, minitemple,
          kennysheep_mini, nemelex_xobeh_ov_fountains_minmay, serial_shops,
          shop, hangedman_ranch [blue_anna_fruit_fields]
D:10:     layout_long_grid, ebering_ghost_funeral_grove
Temple:   nicolae_temple_x_marks_the_god

Skill      XL: |  1  2  3  4  5  6  7  8  9 10 |
---------------+-------------------------------+-----
Conjurations   | 5 6 7 8 9 11 12 | 12.2
Hexes          | 1 3 |  3.2
Air Magic      | 3 6 |  6.0
Spellcasting   | 3 4 5 6 |  6.8
Poison Magic   | 3 5 |  5.0
Dodging        | |  1.9
Stealth        | |  1.7
Shields        | |  0.7

Action                   |  1- 3 |  4- 6 |  7- 9 | 10-12 || total
-------------------------+-------+-------+-------+-------++-------
Melee: Dagger            |   143 |   128 |   117 |       ||   388
       Tailslap          |    11 |    13 |     9 |    12 ||    45
       Whip              |       |       |    24 |   109 ||   133
 Cast: Magic Dart        |    19 |    10 |    21 |     7 ||    57
       Searing Ray       |     3 |    22 |    56 |    23 ||   104
       Fulminant Prism   |       |       |     3 |     4 ||     7
       Mephitic Cloud    |       |       |     2 |       ||     2
 Abil: Breathe Steam     |       |       |     3 |       ||     3
  Use: Scroll            |     1 |       |     4 |     3 ||     8
       Potion            |     1 |       |     3 |       ||     4
 Stab: Sleeping          |     6 |       |       |       ||     6
  Eat: Chunk             |     4 |     6 |    12 |     5 ||    27
       Ration            |       |     1 |     1 |     1 ||     3
Armor: Skin              |    71 |    38 |    60 |    50 ||   219
Dodge: Dodged            |   105 |    98 |   113 |    98 ||   414
